 Dungeon Crawl Stone Soup version 0.31-a0-145-g046c7d2549 (webtiles) character file.

Game seed: 401356969834203430

47 NateTC the Shield-Bearer (level 3, -10/36 HPs)
             Began as a Troll Fighter on June 6, 2023.
             Mangled by a gnoll
             ... wielding a +0 flail
              (12 damage)
             ... on level 2 of the Dungeon.
             The game lasted 00:00:40 (622 turns).

NateTC the Shield-Bearer (Troll Fighter)             Turns: 622, Time: 00:00:41

Health: -10/36     AC:  4    Str: 24    XL:     3   Next: 48%
Magic:  2/2        EV:  8    Int:  6    God:
Gold:   41         SH:  8    Dex:  9    Spells: 2/2 levels left

rFire   . .          .
                       - Unarmed
rCold   . . .        b - +1 kite shield
rNeg    . . .        a - +0 robe
rPois   .            (helmet restricted)
rElec   .            (no cloak)
rCorr   .            (gloves unavailable)
SInv    .            (boots unavailable)
Will    .....        (no amulet)
Stlth   +            (no ring)
HPRegen 1.06/turn    (no ring)
MPRegen 0.08/turn

%: no passive effects
@: no status effects
A: large, unfitting armour, claws 3, regeneration 1, shaggy fur 1, tough skin 1
a: no special abilities


You were on level 2 of the Dungeon.
You visited 1 branch of the dungeon, and saw 2 of its levels.

You collected 41 gold pieces.

Inventory:

Armour
 a - a +0 robe (worn)
 b - a +1 kite shield (worn)
Scrolls
 d - a scroll of identify {unknown}
 g - 2 scrolls of immolation {unknown}
 h - a scroll of blinking {unknown}
 j - a scroll of fear {unknown}
Potions
 c - 2 potions of might
 e - a potion of curing {unknown}
 i - a potion of lignification {unknown}


   Skills:
 + Level 2.8 Fighting
 - Level 2.4 Dodging
 + Level 3.1 Shields
 * Level 3.1 Unarmed Combat


You had 2 spell levels left.
You didn't know any spells.
Your spell library contained the following spells:

 Spells                   Type           Power      Damage    Failure   Level
 Slow                     Hex            0%         N/A       73%         1
 Confusing Touch          Hex            0%         N/A       97%         3
 Vampiric Draining        Necr           0%         2d6       97%         3


Dungeon Overview and Level Annotations

Branches:
Dungeon (2/15) Zot: 11372

Altars:

Shops:
D:2 !


Innate Abilities, Weirdness & Mutations

You are too large for most types of armour.
You have claws for hands.
Your natural rate of healing is unusually fast.
You are covered in fur. (AC +1)
You have tough skin. (AC +1)


Message History

The gnoll is heavily wounded.
The gnoll hits you with a +0 club.
You claw the gnoll!
You kill the gnoll!
The gnoll closely misses you.
The gnoll hits you from afar with a +0 halberd!
Your Unarmed Combat skill increases to level 3!
You have reached level 3!
Your experience leads to an increase in your attributes!
Increase (S)trength, (I)ntelligence, or (D)exterity?
You feel clever. x2; You feel stronger.
You are too injured to fight recklessly!
You are too injured to fight recklessly!
You are too injured to fight recklessly!
You are too injured to fight recklessly!
You are too injured to fight recklessly!
You are too injured to fight recklessly!
You are too injured to fight recklessly!
You are too injured to fight recklessly!
You are too injured to fight recklessly!
You are too injured to fight recklessly!
You are too injured to fight recklessly!
You are too injured to fight recklessly!
You are too injured to fight recklessly!
You are too injured to fight recklessly!
You are too injured to fight recklessly!
You are too injured to fight recklessly!
You are too injured to fight recklessly!
You barely miss the gnoll. The gnoll closely misses you.
Found 4 gold pieces.
The gnoll hits you with a +0 flail. The gnoll hits you with a +0 halberd.
* * * LOW HITPOINT WARNING * * *
You see here a +0 club.
You claw the gnoll!
You kill the gnoll!
The gnoll hits you with a +0 flail!
* * * LOW HITPOINT WARNING * * *
You closely miss the ball python. You block the ball python's attack.
The gnoll hits you with a +0 flail!
You die...

##. #### ..##. ....#
###.#.. $..#.# #......
..#...# ###### #.#..#.
..∩..## #....###.#....
#...#.###.....<#.##..#
#.#S..##....##.......
#..@g#....###..#..##
###.....### #.......
#.....# #......[
#.....# #.....##.
#.....# #.###....
#.....+ ... ####.
#.....##### #. #######
##


You could see a gnoll and a ball python.

Vanquished Creatures
  3 gnolls (D:2)
  6 bats
  2 giant cockroaches (D:1)
  A hobgoblin (D:1)
  2 ball pythons
  3 frilled lizards
  2 goblins
  A rat (D:2)
20 creatures vanquished.

Notes
Turn   | Place    | Note
-------+----------+-------------------------------------------
     0 | D:1      | NateTC the Troll Fighter began the quest for the Orb.
     0 | D:1      | Reached XP level 1. HP: 22/22 MP: 0/0
   325 | D:1      | Reached XP level 2. HP: 22/29 MP: 1/1
   611 | D:2      | Found Erched's Distillery.
   619 | D:2      | Reached XP level 3. HP: 18/36 MP: 2/2
   621 | D:2      | HP: 1/36 [gnoll/+0 flail (9)]
   622 | D:2      | Mangled by a gnoll

Illustrated notes

Levels and vault maps discovered:
D:1:      dpeg_arrival_simpleton_c, layout_basic, grunt_decor_fettered
D:2:      layout_basic, serial_shops, shop, nicolae_shop_just_a_little_nook,
          shop, nicolae_diamond_shop, shop

Skill      XL: |  1  2 |
---------------+-------+-----
Shields        | 3 |  3.1
Unarmed Combat | 3 |  3.1
Fighting       | |  2.8
Dodging        | |  2.4

Action                     || total
---------------------------++-------
  Melee: Unarmed           ||    61
    Use: Scroll            ||     2
 Armour: Robe              ||    30
  Dodge: Dodged            ||    27
  Block: Kite shield       ||    28

Table legend: (Time is in decaauts)
 A = Elapsed time spent in this place.
 B = Non-inter-level travel time spent in this place.
 C = Inter-level travel time spent in this place.
 D = Time resting spent in this place.
 E = Time spent auto-exploring this place.
 F = Levels seen in this place.
 G = Mean time per level.
                   A        B        C        D        E       F      G
               +--------+--------+--------+--------+--------+-----+--------+
         Total |    626 |    616 |     10 |      0 |    488 |   2 |  313.0 |
       Dungeon |    626 |    616 |     10 |      0 |    488 |   2 |  313.0 |
               +--------+--------+--------+--------+--------+-----+--------+

Top non-repeatable levels by time:
     D:1: 493 daAuts
     D:2: 133 daAuts
